 Dungeon Crawl Stone Soup version 0.28.0-43-g3370ac3207 (webtiles) character file.

Game seed: 8201156373825693044

190 protoss039 the Firebug (level 5, -1/28 HPs)
             Began as a Deep Elf Fire Elementalist on Mar 23, 2022.
             Slain by a yak (8 damage)
             ... on level 3 of the Dungeon.
             The game lasted 00:05:49 (3903 turns).

protoss039 the Firebug (Deep Elf Fire Elementalist) Turns: 3903, Time: 00:05:49

Health: -1/28      AC:  6    Str:  5    XL:     5   Next: 41%
Magic:  8/14       EV: 13    Int: 22    God:
Gold:   97         SH:  0    Dex: 15    Spells: 4/13 levels left

rFire   . . .      SeeInvis .   c - +0 short sword
rCold   . . .      Faith    .   (no shield)
rNeg    . . .      Spirit   .   a - +0 robe
rPois   .          Reflect  .   (no helmet)
rElec   .          Harm     .   (no cloak)
rCorr   .          Rampage  .   (no gloves)
Will    .....                   (no boots)
Stlth   +.........              (no amulet)
HPRegen 0.09/turn               e - +4 ring of protection
MPRegen 0.14/turn               (no ring)

@: confused, ambrosia-drunk
A: no striking features
a: no special abilities


You were on level 3 of the Dungeon.
You visited 1 branch of the dungeon, and saw 4 of its levels.

You collected 97 gold pieces.

Inventory:

Hand Weapons
 c - a +0 short sword (weapon)
Armour
 a - a +0 robe (worn)
Jewellery
 e - a +4 ring of protection (left hand)
Scrolls
 b - a scroll of noise
 d - a scroll of magic mapping {unknown}
 f - 2 scrolls of identify {unknown}
 h - a scroll of holy word {unknown}
 m - 3 scrolls of vulnerability {unknown}
 n - 2 scrolls of teleportation {unknown}
 p - a scroll of torment {unknown}
Potions
 i - a potion of heal wounds {unknown}
 j - a potion of brilliance {unknown}
 k - a potion of mutation {unknown}
 l - a potion of degeneration {unknown}
 o - a potion of berserk rage {unknown}


   Skills:
 - Level 3.0 Dodging
 - Level 3.0 Stealth
 + Level 4.9 Spellcasting
 + Level 1.7 Conjurations
 + Level 5.3 Fire Magic


You had 4 spell levels left.
You knew the following spells:

 Your Spells              Type           Power      Damage    Failure   Level
a - Foxfire               Conj/Fire      80%        2x1d8     2%          1
b - Scorch                Fire           56%        2d8       1%          2
c - Conjure Flame         Conj/Fire      20%        6-21      7%          3
d - Inner Flame           Hex/Fire       17%        N/A       11%         3

Your spell library contained the following spells:

 Spells                   Type           Power      Damage    Failure   Level
 Flame Wave               Conj/Fire      20%        2d7       24%         4


Dungeon Overview and Level Annotations

Branches:
Dungeon (4/15)
 Temple: D:4-7

Altars:


Message History

You conjure some foxfire!
The foxfire hits the jelly.
The jelly is lightly wounded.
The foxfire hits the jelly!
The jelly is severely wounded.
The jelly barely misses you.
Unknown command.
You hit the jelly but do no damage. The acid corrodes you!
Your hands burn!
The jelly is severely wounded.
The foxfire hits the jelly.
The jelly is almost dead.
The foxfire hits the jelly!
You kill the jelly!
Unknown command.
Unknown command.
There is a stone staircase leading down here.
You start resting.
You are no longer corroded.
You climb downwards.
The yak bellows!
The yak gores you!
Ouch! That really hurt!
* * * LOW HITPOINT WARNING * * *
There is a stone staircase leading up, spattered with blood here.
Unknown command.
Unknown command.
The yak barely misses you.
You climb upwards.
There is a stone staircase leading down here.
Unknown command.
Okay, then.
As you read the scroll labelled YTUJUM ZAEFU, it crumbles to dust.
You hear a loud clanging noise!
It was a scroll of noise.
The yak barely misses you. The yak barely misses you.
Okay, then.
Okay, then.
It was a potion of ambrosia.
You are confused.
You feel invigorated. The yak gores you!
You die...

###...≈.#######..)....###.....#..
≈≈≈..≈≈.### ###.......###.#####.#
##≈..≈....###...........#..#.....
#≈.≈≈..#.....#............#.#.##
#.≈≈.....###....................
##≈..###.# #.#...)...#.##.....).
#..## #.###.#....≈.≈..........#
#### ##...#.#....≈.≈..........#
♣≈.≈≈≈♣≈.@..≈.≈#.#.......#
##.≈.≈..≈≈Y..≈≈≈..........#
##...≈♣..≈......#####.######
##.....≈...>.....# #.# #
#.≈≈.≈...........# #.# #
#...≈≈≈..≈≈≈.....# #.# #
##.≈.♣.≈≈≈≈≈...>.# #.#
#.≈.≈≈≈.........#####.#####
#.≈..≈≈........(#.........##


You could see a yak.

Vanquished Creatures
  A jelly (D:3)
  Jessica (D:2)
  5 adders
  An adder skeleton (D:4)
  2 worms
  3 dart slugs
  5 orcs (D:3)
  5 endoplasms
  A giant cockroach (D:2)
  11 hobgoblins
  A quokka (D:1)
  9 ball pythons
  6 bats
  3 frilled lizards
  6 goblins
  7 kobolds
  2 rats (D:2)
69 creatures vanquished.

Vanquished Creatures (others)
  79 foxfires
  2 plants (D:3)
81 creatures vanquished.

Grand Total: 150 creatures vanquished

Notes
Turn   | Place    | Note
-------+----------+-------------------------------------------
     0 | D:1      | protoss039 the Deep Elf Fire Elementalist began the quest
                  | for the Orb.
     0 | D:1      | Reached XP level 1. HP: 10/10 MP: 6/6
   471 | D:1      | Found a faded altar of an unknown god.
   478 | D:1      | Reached XP level 2. HP: 15/15 MP: 8/8
   982 | D:1      | Reached skill level 4 in Fire Magic
  1250 | D:1      | Learned a level 2 spell: Scorch
  1319 | D:2      | Noticed Jessica
  1343 | D:2      | Killed Jessica
  1344 | D:2      | Reached XP level 3. HP: 8/19 MP: 2/9
  1451 | D:2      | Reached XP level 4. HP: 24/24 MP: 7/11
  2195 | D:2      | Learned a level 3 spell: Conjure Flame
  2658 | D:3      | Reached skill level 5 in Fire Magic
  3046 | D:3      | Reached XP level 5. HP: 26/28 MP: 10/13
  3353 | D:3      | Learned a level 3 spell: Inner Flame
  3715 | D:4      | Noticed a yak
  3715 | D:4      | Noticed a yak
  3715 | D:4      | Noticed a yak
  3719 | D:4      | Noticed a yak
  3903 | D:3      | Slain by a yak

Illustrated notes

Levels and vault maps discovered:
D:1:      dpeg_arrival_signposts, layout_loops_ring,
          dreamdust_ecumenical_altar_statues
D:2:      layout_loops_ring, uniq_jessica
D:3:      corexii_shack_village, layout_rooms, serial_rivers,
          chequers_serial_rivers_room_a, chequers_serial_rivers_small_b,
          chequers_serial_rivers_large_b, chequers_serial_rivers_room_b,
          chequers_serial_rivers_marsh, chequers_serial_rivers_micro_d,
          kennysheep_potato
D:4:      layout_loops_ring

Skill      XL: |  1  2  3  4 |
---------------+-------------+-----
Fire Magic     | 4 5 |  5.3
Dodging        | 3 |  3.0
Stealth        | 3 |  3.0
Spellcasting   | 4 |  4.9
Conjurations   | |  1.7

Action                   |  1- 3 |  4- 6 || total
-------------------------+-------+-------++-------
Melee: Short sword       |    42 |    45 ||    87
       Unarmed           |     1 |       ||     1
       Punch             |     1 |       ||     1
 Cast: Foxfire           |    26 |    23 ||    49
       Scorch            |     1 |    44 ||    45
       Conjure Flame     |       |     3 ||     3
  Use: Potion            |     1 |     1 ||     2
       Scroll            |       |     1 ||     1
 Stab: Sleeping          |     3 |     5 ||     8
       Distracted        |     1 |       ||     1
Armor: Robe              |    29 |     8 ||    37
Dodge: Dodged            |    45 |    53 ||    98
